 Dungeon Crawl Stone Soup version 0.16.1-12-gf5c4a84 (webtiles) character file.

12448 hulla the Martial Artist (level 11, -6/83 HPs)
             Began as an Octopode Transmuter on Apr 9, 2015.
             Was a High Priest of Makhleb.
             Mangled by a spiny frog (18 damage)
             ... on level 8 of the Dungeon.
             The game lasted 01:35:40 (17082 turns).

hulla the Martial Artist (Octopode Transmuter)     Turns: 17082, Time: 01:35:41

Health: -6/83      AC:  2    Str:  9    XL:     11   Next: 93%
Magic:  15/17      EV: 29    Int: 19    God:    Makhleb [*****.]
Gold:   692        SH:  0    Dex: 22    Spells: 4 memorised, 4 levels left

rFire  + . .     SeeInvis .       - Unarmed
rCold  + . .     Clarity  .     (shield currently unavailable)
rNeg   . . .     SustAb   .     (helmet currently unavailable)
rPois  x         Gourm    .     s - amulet of resist corrosion
rElec  .         Spirit   .     g - +2 ring of evasion
rCorr  +         Warding  .     j - ring of protection from cold
rMut   .         Stasis   .     C - +4 ring of dexterity
MR     .....                    W - +2 ring of evasion
Stlth  ++........               Q - ring of protection from fire
                                (no ring)
                                (no ring)
                                (no ring)

@: lethally poisoned (-6 -> -71), about to teleport, spider-form, not resistant
to hostile enchantments, unstealthy
A: almost no armour, amphibious, 8 rings, (constrict 8), (camouflage 0),
(gelatinous body 0)
a: End Transformation, Minor Destruction, Lesser Servant of Makhleb, Major
Destruction, Greater Servant of Makhleb, Renounce Religion


You were on level 8 of the Dungeon.
You worshipped Makhleb.
Makhleb was extremely pleased with you.
You were hungry.
You were a venomous arachnid creature.
You visited 3 branches of the dungeon, and saw 13 of its levels.

You collected 692 gold pieces.

Inventory:

Hand weapons
 a - a +1 blowgun
Missiles
 b - 16 arrows
 f - 65 poisoned needles
 r - 63 stones (quivered)
 J - 8 needles of confusion
Jewellery
 g - a +2 ring of evasion (left front leg)
 j - a ring of protection from cold (right front leg)
 s - an amulet of resist corrosion (around neck)
 C - a +4 ring of dexterity (on tentacle)
 Q - a ring of protection from fire (on tentacle)
 W - a +2 ring of evasion (on tentacle)
Magical devices
 e - a wand of draining (6)
 m - a wand of slowing (27)
 o - a wand of slowing (20)
 v - a wand of draining (6)
 w - a wand of slowing (32)
 K - a wand of lightning (3)
 M - a wand of frost (11)
 T - a wand of lightning (5)
 Z - a wand of frost (30)
Scrolls
 i - a scroll of amnesia
 k - 5 scrolls of enchant armour
 l - 10 scrolls of identify
 x - 2 scrolls of teleportation
 y - a scroll of vulnerability {unknown}
 B - 2 scrolls of remove curse
 H - 3 scrolls of blinking
 N - a scroll of recharging
Potions
 h - 8 potions of curing
 q - 2 potions of resistance
 u - a potion of cancellation
 E - 2 potions of restore abilities
 G - 2 potions of might
 L - 2 potions of ambrosia
 P - a potion of invisibility
 R - a potion of poison
 V - 2 potions of flight
 X - a potion of brilliance
Books
 d - a book of Changes

   Spells                             Type                      Level
   a - Beastly Appendage              Transmutation                1
   b - Sticks to Snakes               Transmutation                2
   c - Spider Form                    Transmutation/Poison         3
   d - Ice Form                       Ice/Transmutation            4
   e - Blade Hands                    Transmutation                5
 I - a book of Unlife

   Spells                             Type                      Level
   a - Recall                         Summoning/Translocation      3
   b - Animate Dead                   Necromancy                   4
   c - Control Undead                 Necromancy                   4
   d - Cigotuvi's Embrace             Necromancy                   5
   e - Death Channel                  Necromancy                   6
   f - Simulacrum                     Ice/Necromancy               6
 O - a book of Geomancy

   Spells                             Type                      Level
   a - Sandblast                      Earth                        1
   b - Stoneskin                      Transmutation/Earth          2
   c - Passwall                       Transmutation/Earth          3
   d - Stone Arrow                    Conjuration/Earth            3
   e - Petrify                        Transmutation/Earth          4
   f - Lee's Rapid Deconstruction     Earth                        5
Comestibles
 c - 4 meat rations
 n - 4 fruits
 p - 3 beef jerkies
 t - a chunk of flesh
 A - 11 bread rations
 D - a royal jelly
 F - a slice of pizza


   Skills:
 - Level 11.2 Fighting
 + Level 5.2 Dodging
 - Level 11.3 Unarmed Combat
 - Level 2.0 Spellcasting
 - Level 5.0 Transmutations
 - Level 7.1 Ice Magic
 - Level 3.1 Poison Magic


You had 4 spell levels left.
You knew the following spells:

 Your Spells              Type           Power        Failure   Level  Hunger
a - Beastly Appendage     Trmt           ###...       8%          1    #......
b - Spider Form           Trmt/Pois      ###.......   28%         3    ###....
c - Sticks to Snakes      Trmt           ###.......   12%         2    ###....
d - Ice Form              Ice/Trmt       ####....     32%         4    #####..


Dungeon Overview and Level Annotations

Branches:
Dungeon (11/15)            Temple (1/1) D:6            Lair (1/8) D:8
    Orc: D:9-12

Altars:
Ashenzari
Cheibriados
Dithmenos
Elyvilon
Fedhas
Gozag
Kikubaaqudgha
Makhleb
Nemelex Xobeh
Okawaru
Qazlal
Ru
Sif Muna
Trog
Vehumet
Xom
Yredelemnul
Zin
The Shining One

Shops:
D:7 *


Innate Abilities, Weirdness & Mutations

You cannot wear most types of armour.
You are amphibious.
You can wear up to eight rings at the same time.
((You can use your tentacles to constrict many enemies at once.))
((Your skin changes colour to match your surroundings (Stealth).))
((Your rubbery body absorbs attacks (AC +1).))


Message History

You hit the spiny frog but do no damage.
The spiny frog is heavily wounded.
The spiny frog stings you.
You are poisoned.
The spiny frog poisons you! The porcupine bites you.
The sheep completely misses you.
You bite the spiny frog!
The spiny frog is severely wounded.
You feel sick. The spiny frog stings you!!
* * * LOW HITPOINT WARNING * * *
You are more poisoned.
The spiny frog poisons you! The porcupine bites you.
* * * LOW HITPOINT WARNING * * *
Read which item? (? for menu, Esc to quit)
As you read the scroll of teleportation, it crumbles to dust.
You feel strangely unstable.
* * * LOW HITPOINT WARNING * * *
You feel very sick. The spiny frog stings you!!
You die...

>.......###........#.....#.......
.....................###.#.......
)[.......##......##### #.#.......
..........#....#.#######.......##
........#..............#.....###
........##.............#....(#
........##............(()(...# #
........##.....F.............####
.#..###.#......rsY...........##..
.##.....#..............#.....#..#
....###................#.......##
.....##..#......).........##.####
.....##<.#..............####(#..#
.....###(([..)...#...#..# #()...
....#####...............# #..[..
##....###.........#...### #.....
###........####.....<.# ##.....


You could see a spiny frog, a porcupine and a sheep.

Vanquished Creatures
  Erolcha (D:9)
  4 hill giants
  An ugly thing (D:11)
  A black mamba (D:8)
  Maurice (D:8)
  Joseph (D:8)
  5 trolls
  2 two-headed ogres
  2 wyverns
  5 yaks (D:11)
  A spriggan (D:7)
  A hippogriff (D:7)
  A hungry ghost (D:7)
  An ice beast (D:10)
  A water moccasin (D:5)
  5 orc warriors
  3 black bears
  2 porcupines (D:8)
  A sky beast (D:11)
  6 ogres
  A necrophage (D:5)
  2 wasps
  3 phantoms
  3 centaurs
  A crocodile (D:9)
  6 giant frogs
  3 big kobolds
  6 scorpions
  9 killer bees
  5 wights
  3 crimson imps
  3 goliath beetles
  2 electric eels (D:9)
  A centaur zombie (D:11)
  5 hounds
  2 giant frog zombies
  8 orc priests
  2 jellies
  8 worker ants
  2 centaur skeletons
  2 giant frog skeletons
  10 orc wizards
  4 iguanas
  A hell rat (D:7)
  2 sheep (D:8)
  Ijyb (D:7)
  Jessica (D:2)
  2 hound zombies
  Terence (D:2)
  12 adders
  8 gnolls
  A shadow imp (D:5)
  A giant mite (D:3)
  2 worms
  3 adder skeletons
  An adder zombie (D:9)
  8 giant geckos
  2 oozes
  56 orcs
  A bat zombie (D:5)
  2 giant cockroaches (D:2)
  14 goblins
  10 hobgoblins
  10 jackals
  7 quokkas
  3 ball pythons
  17 bats
  6 giant newts
  2 giant spores
  35 kobolds
  16 rats
  2 ballistomycetes
363 creatures vanquished.

Vanquished Creatures (collateral kills)
  Blork the orc (D:9)
  A hobgoblin (D:8)
  A jackal (D:8)
3 creatures vanquished.

Grand Total: 366 creatures vanquished

Notes
Turn   | Place    | Note
--------------------------------------------------------------
     0 | D:1      | hulla, the Octopode Transmuter, began the quest for the Orb.
     0 | D:1      | Reached XP level 1. HP: 13/13 MP: 3/3
   375 | D:1      | Reached XP level 2. HP: 18/18 MP: 2/4
   885 | D:1      | Reached XP level 3. HP: 11/23 MP: 4/6
   890 | D:1      | Learned a level 3 spell: Spider Form
   893 | D:1      | Learned a level 2 spell: Sticks to Snakes
  1091 | D:2      | Reached skill level 1 in Poison Magic
  1310 | D:2      | Reached XP level 4. HP: 13/28 MP: 5/7
  1741 | D:2      | Reached skill level 4 in Transmutations
  2010 | D:2      | Reached XP level 5. HP: 16/33 MP: 7/9
  2393 | D:2      | Noticed Terence
  2405 | D:2      | Killed Terence
  2416 | D:2      | Found an iron altar of Okawaru.
  2615 | D:2      | Noticed Jessica
  2620 | D:2      | Killed Jessica
  3427 | D:3      | Reached skill level 5 in Transmutations
  3673 | D:3      | Reached XP level 6. HP: 38/38 MP: 10/10
  3776 | D:3      | Found a blossoming altar of Fedhas.
  3967 | D:4      | Found a staircase to the Ecumenical Temple.
  5119 | D:5      | Entered Level 5 of the Dungeon
  5160 | D:5      | Reached XP level 7. HP: 35/46 MP: 10/12
  5166 | D:5      | Learned a level 4 spell: Ice Form
  5251 | D:5      | Reached skill level 1 in Ice Magic
  5747 | D:5      | Noticed a water moccasin
  5776 | D:5      | Killed a water moccasin
  6420 | D:6      | Reached XP level 8. HP: 38/52 MP: 10/13
  6426 | D:6      | Reached skill level 5 in Ice Magic
  6694 | D:6      | Found a staircase to the Ecumenical Temple.
  6721 | Temple   | Entered the Ecumenical Temple
  6781 | Temple   | Became a worshipper of Makhleb the Destroyer
  6847 | D:6      | Reached skill level 6 in Ice Magic
  7368 | D:6      | Reached skill level 7 in Ice Magic
  7494 | D:6      | Acquired Makhleb's first power
  7631 | D:6      | Reached skill level 5 in Fighting
  7833 | D:7      | Noticed Ijyb
  7857 | D:7      | Killed Ijyb
  7881 | D:7      | Reached XP level 9. HP: 17/61 MP: 11/14
  8371 | D:7      | Found Maudd's General Store.
  8581 | D:7      | Acquired Makhleb's second power
  9125 | D:7      | Reached skill level 8 in Fighting
  9598 | D:8      | Reached skill level 9 in Fighting
  9837 | D:7      | Acquired Makhleb's third power
  9837 | D:7      | Reached XP level 10. HP: 70/76 MP: 16/16
  9930 | D:8      | Found a staircase to the Lair.
 10082 | D:8      | Reached skill level 10 in Fighting
 10196 | D:8      | Noticed Joseph
 10216 | D:8      | Killed Joseph
 10216 | D:8      | Reached skill level 5 in Unarmed Combat
 11099 | D:8      | Noticed Maurice
 11134 | D:8      | Killed Maurice
 11348 | D:8      | Found a white marble altar of Elyvilon.
 11348 | D:8      | Found a stormy altar of Qazlal.
 11353 | D:8      | Found a blossoming altar of Fedhas.
 11353 | D:8      | Found a sacrificial altar of Ru.
 11353 | D:8      | Found a glowing silver altar of Zin.
 11355 | D:8      | Found a shadowy altar of Dithmenos.
 11359 | D:8      | Found a snail-covered altar of Cheibriados.
 11446 | D:9      | Acquired Makhleb's fourth power
 11483 | D:9      | Noticed Erolcha
 11527 | Lair:1   | Entered Level 1 of the Lair of Beasts
 11527 | Lair:1   | Noticed a black mamba
 11527 | Lair:1   | Noticed a five-headed hydra
 11535 | D:8      | Killed a black mamba
 11591 | D:8      | Noticed a hill giant
 11722 | D:8      | Killed a hill giant
 11882 | D:9      | Killed Erolcha
 12182 | D:8      | Reached XP level 11. HP: 49/81 MP: 5/17
 12709 | D:9      | Noticed a hill giant
 12731 | D:9      | Killed a hill giant
 12731 | D:9      | Reached skill level 10 in Unarmed Combat
 12786 | D:9      | Noticed Blork the orc
 12864 | D:9      | Killed Blork the orc
 13723 | D:10     | Entered Level 10 of the Dungeon
 13908 | D:10     | Noticed a hill giant
 14009 | D:10     | Killed a hill giant
 14009 | D:10     | Acquired Makhleb's fifth power
 14554 | D:10     | Found a glowing silver altar of Zin.
 15107 | D:11     | Noticed a six-headed hydra
 15282 | D:11     | Found a snail-covered altar of Cheibriados.
 15472 | D:11     | Found a sparkling altar of Nemelex Xobeh.
 15483 | D:11     | Reached skill level 11 in Fighting
 16402 | D:10     | Noticed a hill giant
 16418 | D:10     | Killed a hill giant
 16707 | D:11     | Reached skill level 5 in Dodging
 17082 | D:8      | Mangled by a spiny frog

Action                   |  1- 3 |  4- 6 |  7- 9 | 10-12 || total
-------------------------+-------+-------+-------+-------++-------
Melee: Unarmed           |    64 |   183 |   463 |   481 ||  1191
 Fire: Blowgun           |       |       |    11 |    11 ||    22
Throw: Stone             |       |     4 |     4 |    10 ||    18
 Cast: Beastly Appendage |     9 |    17 |    10 |     5 ||    41
       Spider Form       |       |    16 |    36 |    28 ||    80
       Ice Form          |       |       |    14 |    37 ||    51
       Sticks to Snakes  |       |       |    10 |    47 ||    57
 Abil: End Transformatio |       |     2 |     2 |     7 ||    11
  Use: Potion            |     2 |     5 |     3 |     2 ||    12
       Scroll            |     1 |     4 |     8 |     8 ||    21
 Stab: Sleeping          |     1 |     1 |     4 |     2 ||     8
       Distracted        |       |     1 |     3 |     6 ||    10
  Eat: Chunk             |     1 |    14 |    27 |    39 ||    81
